 Dungeon Crawl Stone Soup version 0.25.1-2-g60ff931df9 (webtiles) character file.

Game seed: 631613671354337897

328 soggyman666 the Magician (level 6, -1/32 HPs)
             Began as a Deep Elf Wizard on Nov 3, 2020.
             Was an Initiate of Ashenzari.
             Slain by an orc
             ... wielding a +0 trident
              (7 damage)
             ... on level 4 of the Dungeon.
             The game lasted 00:21:38 (5261 turns).

soggyman666 the Magician (Deep Elf Wizard)          Turns: 5261, Time: 00:21:39

Health: -1/32      AC:  4    Str:  4    XL:     6   Next: 25%
Magic:  1/18       EV: 13    Int: 25    God:    Ashenzari [......]
Gold:   188        SH:  0    Dex: 13    Spells: 12/19 levels left

rFire    . . .     SeeInvis .   (no weapon)
rCold    . . .     Gourm    .   (no shield)
rNeg     . . .     Faith    .   a - +0 robe
rPois    .         Spirit   .   b - +0 hat
rElec    .         Reflect  .   q - +0 cloak
rCorr    .         Harm     .   (no gloves)
MR       .....                  n - +0 pair of boots
Stlth    ++........             (no amulet)
HPRegen  0.10/turn              (no ring)
MPRegen  0.16/turn              (no ring)

@: very slightly contaminated
A: no striking features
a: Curse Item, Renounce Religion


You were on level 4 of the Dungeon.
You worshipped Ashenzari.
Ashenzari was noncommittal.
You were hungry.

You visited 1 branch of the dungeon, and saw 4 of its levels.

You collected 188 gold pieces.

Inventory:

Armour
 a - a +0 robe (worn)
 b - a +0 hat (worn)
 n - a +0 pair of boots (worn)
 q - a +0 cloak (worn)
Scrolls
 f - 2 scrolls of teleportation
 o - 2 scrolls of magic mapping
Potions
 c - a potion of brilliance {unknown}
 e - a potion of invisibility {unknown}
 g - a potion of degeneration {unknown}
 h - 2 potions of heal wounds
 i - a potion of resistance {unknown}
 j - 2 potions of curing {unknown}
 k - 2 potions of berserk rage {unknown}
 l - 2 potions of haste {unknown}
 m - 2 potions of mutation {unknown}
Comestibles
 d - 4 rations


   Skills:
 * Level 3.2 Dodging
 + Level 3.2 Stealth
 - Level 0.2 Unarmed Combat
 + Level 7.3 Spellcasting
 + Level 3.2 Conjurations
 + Level 1.1 Hexes
 + Level 1.7 Summonings
 + Level 1.8 Translocations


You had 12 spell levels left.
You knew the following spells:

 Your Spells              Type           Power        Failure   Level  Hunger
a - Magic Dart            Conj           ####         1%          1    None
b - Call Imp              Summ           ###.....     4%          2    None
c - Blink                 Tloc           N/A          4%          2    None
d - Slow                  Hex            ##......     6%          2    None

Your spell library contained the following spells:

 Spells                   Type           Power        Failure   Level  Hunger
 Conjure Flame            Conj/Fire      ###.....     10%         3    None
 Mephitic Cloud           Conj/Pois/Air  ##......     12%         3    None


Dungeon Overview and Level Annotations

Branches:
Dungeon (4/15)
 Temple: D:4-7

Altars:
Ashenzari
Fedhas
Nemelex Xobeh
Trog

Annotations:
D:4 Natasha


Message History

You hear a shout!
Casting: Blink (safe; 4% risk of failure)
Confirm with . or Enter, or press ? or * to list all spells.
You blink.
The gnoll hits your crimson imp with a +0 club.
Natasha mumbles some strange words.
The crimson imp hits your crimson imp but does no damage.
An adder comes into view.
Your crimson imp hits the gnoll.
The gnoll closely misses your crimson imp.
The crimson imp closely misses your crimson imp.
Casting: Blink (safe; 4% risk of failure)
Confirm with . or Enter, or press ? or * to list all spells.
You blink.
An orc comes into view. It is wielding a +0 trident.
Unknown command.
An orc priest comes into view.
The orc misses you.
The orc priest moves out of view.
The orc hits you with a +0 trident!
You die...

##.##.##.###..#
##...#.###...
#)#.## #..#
#####.#.....
...# ###5g#
#.#..... h..#
#...5# ###
#.#.....
###......##ยง#
o. ........
#.... #S# .#
#(##.... ...
#.###.##
#.......
#S##o..#####
#.......
#...@.......
#......<
####...####.
##...... ##.##
#...... .#
###.#.# .# #.#.
.# # #. .. #.
## #.


You could see an orc priest (wandering), an adder and an orc.

Vanquished Creatures
  Natasha (D:4)
  A worker ant (D:4)
  3 gnolls
  9 adders
  An ooze (D:3)
  2 worms (D:3)
  4 dart slugs
  A leopard gecko (D:1)
  4 orcs
  2 ball pythons
  3 giant cockroaches
  6 goblins
  3 hobgoblins
  5 jackals
  11 kobolds
  4 bats
  5 frilled lizards
  8 rats
73 creatures vanquished.

Vanquished Creatures (collateral kills)
  Sigmund (D:2)
  A gnoll (D:2)
  2 worms (D:2)
4 creatures vanquished.

Grand Total: 77 creatures vanquished

Notes
Turn   | Place    | Note
-------+----------+-------------------------------------------
     0 | D:1      | soggyman666 the Deep Elf Wizard began the quest for the
                  | Orb.
     0 | D:1      | Reached XP level 1. HP: 10/10 MP: 7/7
   468 | D:1      | Reached skill level 5 in Spellcasting
   558 | D:1      | Reached XP level 2. HP: 15/15 MP: 6/10
  1199 | D:1      | Reached XP level 3. HP: 12/19 MP: 3/12
  1762 | D:2      | Learned a level 2 spell: Call Imp
  1765 | D:2      | Learned a level 2 spell: Blink
  2561 | D:2      | Found a shattered altar of Ashenzari.
  2638 | D:2      | Became a worshipper of Ashenzari the Shackled
  2767 | D:2      | Reached XP level 4. HP: 24/24 MP: 9/13
  2846 | D:2      | Reached skill level 6 in Spellcasting
  2943 | D:2      | Noticed Sigmund
  2954 | D:2      | Killed Sigmund
  2954 | D:2      | Reached XP level 5. HP: 27/28 MP: 7/15
  3525 | D:3      | Learned a level 2 spell: Slow
  3913 | D:3      | Found a blossoming altar of Fedhas.
  4157 | D:3      | Reached skill level 7 in Spellcasting
  4213 | D:3      | Found a bloodstained altar of Trog.
  4657 | D:3      | Reached XP level 6. HP: 32/32 MP: 10/18
  5047 | D:4      | Noticed Natasha
  5059 | D:4      | Killed Natasha
  5059 | D:4      | Reached skill level 1 in Hexes
  5205 | D:4      | Found a sparkling altar of Nemelex Xobeh.
  5247 | D:4      | Noticed Natasha
  5261 | D:4      | Slain by an orc

Illustrated notes

Levels and vault maps discovered:
D:1:      dpeg_arrival_water_fire, layout_loops_ring
D:2:      layout_basic, nicolae_ashenzari_panopticon, mrwooster_statue_mirror,
          minmay_misc_feat_room, uniq_sigmund
D:3:      layout_basic, lightli_temple_of_fire, fedhas_altar_2
D:4:      layout_loops_ring, nemelex_xobeh_ov_fountains_minmay, first_ration,
          uniq_natasha

Skill      XL: |  1  2  3  4  5  6 |
---------------+-------------------+-----
Spellcasting   | 5 6 7 |  7.3
Conjurations   | 2 3 |  3.2
Stealth        | 3 |  3.2
Dodging        | 3 |  3.2
Hexes          | 1 |  1.1
Unarmed Combat | |  0.2
Summonings     | |  1.7
Translocations | |  1.8

Action                   |  1- 3 |  4- 6 || total
-------------------------+-------+-------++-------
Melee: Unarmed           |     7 |       ||     7
 Cast: Magic Dart        |    90 |   129 ||   219
       Call Imp          |    11 |     6 ||    17
       Blink             |     3 |     4 ||     7
       Slow              |       |     8 ||     8
  Use: Scroll            |     5 |     4 ||     9
  Eat: Chunk             |     5 |     7 ||    12
Armor: Robe              |     2 |     4 ||     6
Dodge: Dodged            |    17 |    28 ||    45
